 Dungeon Crawl Stone Soup version 0.30-a0-881-g1ff12e1e11 (webtiles) character file.

Game seed: 12811432023070983636

139 testman the Stinger (level 5, 0/35 HPs)
             Began as a Demonspawn Venom Mage on Mar 14, 2023.
             Slain by a sleepcap (3 damage)
             ... on level 4 of the Dungeon.
             The game lasted 00:11:25 (2301 turns).

testman the Stinger (Demonspawn Venom Mage)         Turns: 2301, Time: 00:11:25

Health: 0/35       AC:  2    Str:  8    XL:     5   Next: 1%
Magic:  5/8        EV: 12    Int: 19    God:
Gold:   170        SH:  0    Dex: 13    Spells: 2/8 levels left

rFire   . . .      SeeInvis .    g - +0 dagger
rCold   . . .      Faith    .    (no shield)
rNeg    . . .      Spirit   .    a - +0 robe
rPois   +          Reflect  .    (helmet restricted)
rElec   .          Rampage  .    (no cloak)
rCorr   .                        (no gloves)
Will    .....                    (no boots)
Stlth   ++                       (no amulet)
HPRegen 0.25/turn                f - ring of poison resistance
MPRegen 0.22/turn                (no ring)

@: no status effects
A: antennae 2, magic regeneration
a: no special abilities


You were on level 4 of the Dungeon.
You visited 1 branch of the dungeon, and saw 4 of its levels.

You collected 170 gold pieces.

Inventory:

Hand Weapons
 g - a +0 dagger (weapon)
Armour
 a - a +0 robe (worn)
 m - a +0 pair of boots
Jewellery
 f - a ring of poison resistance (left hand)
Wands
 q - a wand of roots (2)
Scrolls
 c - 2 scrolls of poison {unknown}
 d - a scroll of fear {unknown}
 e - 4 scrolls of identify {unknown}
 l - a scroll of amnesia {unknown}
Potions
 b - 2 potions of magic
 h - 3 potions of ambrosia {unknown}
 i - 3 potions of heal wounds {unknown}
 j - 2 potions of curing {unknown}
 k - a potion of flight {unknown}
 n - a potion of might
 o - a potion of invisibility {unknown}
 p - 2 potions of haste {unknown}


   Skills:
 + Level 0.0 Fighting
 + Level 0.1 Short Blades
 - Level 1.7 Dodging
 - Level 1.7 Stealth
 + Level 2.0 Spellcasting
 - Level 3.0 Conjurations
 - Level 1.0 Transmutations
 - Level 3.0 Air Magic
 + Level 3.0 Poison Magic


You had 2 spell levels left.
You knew the following spells:

 Your Spells              Type           Power      Damage    Failure   Level
a - Sting                 Tmut/Pois      36%        1d4       8%          1
b - Poisonous Vapours     Pois/Air       26%        N/A       8%          2
c - Mephitic Cloud        Conj/Pois/Air  13%        N/A       14%         3

Your spell library contained the following spells:

 Spells                   Type           Power      Damage    Failure   Level
 Olgreb's Toxic Radiance  Pois           13%        N/A       43%         4


Dungeon Overview and Level Annotations

Branches:
Dungeon (4/15)
 Temple: D:4-7

Altars:

Shops:
D:4 =


Innate Abilities, Weirdness & Mutations

You have a pair of antennae on your head.
You regenerate magic rapidly.


Message History

Aim: a sleepcap (lightly damaged, poisoned, 100% to hit)
The sting hits the sleepcap but does no damage.
The sleepcap looks even sicker.
The sleepcap is lightly damaged.
You hit the sleepcap.
The sleepcap is lightly damaged.
The sleepcap releases spores at you.
You hit the sleepcap but do no damage.
The sleepcap is moderately damaged.
The giant cockroach misses you. The sleepcap releases spores at you.
The giant cockroach bites you.
You hit the sleepcap but do no damage.
The sleepcap is moderately damaged.
The sleepcap releases spores at you. The giant cockroach barely misses you.
Aiming: Sting (safe; 8% risk of failure)
Press: ? - help, Q - select action, (/) - cycle Shift-Dir - straight line, f - giant cockroach, p - sleepcap
Aim: a giant cockroach (68% to hit)
The sting hits the giant cockroach.
The giant cockroach is poisoned.
The giant cockroach is moderately wounded.
You kill the giant cockroach!
The sleepcap barely misses you.
Aiming: Sting (safe; 8% risk of failure)
Press: ? - help, Q - select action, (/) - cycle Shift-Dir - straight line, f - sleepcap
Aim: a sleepcap (moderately damaged, poisoned, 100% to hit)
The sting hits the sleepcap but does no damage.
The sleepcap looks even sicker.
The sleepcap is moderately damaged.
The sleepcap releases spores at you!
You are engulfed in a cloud of soporific spores!
You fall asleep.
The sleepcap releases spores at you!
You wake up.
* * * LOW HITPOINT WARNING * * *
Aiming: Sting (safe; 8% risk of failure)
Press: ? - help, Q - select action, (/) - cycle Shift-Dir - straight line, f/p - sleepcap
Aim: a sleepcap (heavily damaged, very poisoned, 100% to hit)
The sting hits the sleepcap but does no damage.
The sleepcap looks even sicker.
The sleepcap is heavily damaged.
The sleepcap releases spores at you.
You die...

####.## ..
#...... .#
......##.#
........#
##......#
#$$$....#
#$∩$[f..#
#$$$.@..#
##......####
#...........
#.....#####.
#.....+ #.....#
#..#####.# .
####........#.#
#.......###.#...


You could see a sleepcap (very poisoned).

Vanquished Creatures
  4 gnolls (D:3)
  5 adders
  A worm (D:3)
  4 bats
  7 endoplasms
  3 giant cockroaches
  4 goblins
  3 hobgoblins
  2 jackals (D:2)
  3 kobolds
  A quokka (D:1)
  7 ball pythons
  4 frilled lizards
  5 rats
53 creatures vanquished.

Notes
Turn   | Place    | Note
-------+----------+-------------------------------------------
     0 | D:1      | testman the Demonspawn Venom Mage began the quest for the
                  | Orb.
     0 | D:1      | Reached XP level 1. HP: 13/13 MP: 3/3
    29 | D:1      | Reached skill level 1 in Transmutations
   142 | D:1      | Reached skill level 1 in Air Magic
   283 | D:1      | Gained mutation: You regenerate magic rapidly. [demonic
                  | ancestry]
   283 | D:1      | Reached XP level 2. HP: 19/19 MP: 3/5
   355 | D:1      | Learned a level 2 spell: Poisonous Vapours
   946 | D:2      | Gained mutation: You have a pair of small antennae on your
                  | head. [demonic ancestry]
   946 | D:2      | Reached XP level 3. HP: 23/24 MP: 2/6
  1129 | D:2      | Reached skill level 1 in Conjurations
  1133 | D:2      | Learned a level 3 spell: Mephitic Cloud
  1192 | D:2      | Gained mutation: You have a pair of antennae on your head.
                  | [demonic ancestry]
  1192 | D:2      | Reached XP level 4. HP: 21/30 MP: 3/7
  1935 | D:3      | Reached XP level 5. HP: 34/35 MP: 6/8
  2214 | D:4      | Noticed an ogre
  2286 | D:4      | Found Kyteicw's Jewellery Emporium.
  2301 | D:4      | Slain by a sleepcap

Illustrated notes

Levels and vault maps discovered:
D:1:      dpeg_arrival_shrine, layout_loops_ring, minmay_misc_feat_five
D:2:      layout_basic, solitary_fountain
D:3:      layout_loops_ring, st_stairs_7
D:4:      layout_basic, mainiacjoe_overflow_boulevard, serial_shops, shop_coins,
          serial_bayou_lagoon_b, uniq_robin

Skill      XL: |  1  2  3  4 |
---------------+-------------+-----
Transmutations | 1 |  1.0
Air Magic      | 1 2 3 |  3.0
Conjurations   | 1 3 |  3.0
Short Blades   | |  0.1
Dodging        | |  1.7
Stealth        | |  1.7
Spellcasting   | |  2.0
Poison Magic   | |  3.0

Action                     |  1- 3 |  4- 6 || total
---------------------------+-------+-------++-------
  Melee: Unarmed           |     3 |       ||     3
         Dagger            |    54 |    21 ||    75
         Club              |     1 |       ||     1
         Punch             |     2 |     1 ||     3
   Cast: Sting             |    40 |    40 ||    80
         Poisonous Vapours |     1 |     3 ||     4
   Stab: Sleeping          |     4 |     3 ||     7
 Armour: Robe              |    12 |     6 ||    18
  Dodge: Dodged            |    42 |    22 ||    64

Table legend: (Time is in decaauts)
 A = Elapsed time spent in this place.
 B = Non-inter-level travel time spent in this place.
 C = Inter-level travel time spent in this place.
 D = Time resting spent in this place.
 E = Time spent auto-exploring this place.
 F = Levels seen in this place.
 G = Mean time per level.
                   A        B        C        D        E       F      G
               +--------+--------+--------+--------+--------+-----+--------+
         Total |   2301 |   2195 |    106 |     83 |   1669 |   4 |  575.2 |
       Dungeon |   2301 |   2195 |    106 |     83 |   1669 |   4 |  575.2 |
               +--------+--------+--------+--------+--------+-----+--------+

Top non-repeatable levels by time:
     D:1: 870 daAuts
     D:3: 760 daAuts
     D:2: 579 daAuts
     D:4: 90 daAuts
